 Dungeon Crawl Stone Soup version 0.19-a0-1511-g16f215b (webtiles) character file.

21809 Television the Cleaver (level 12, 0/78 HPs)
             Began as a Gargoyle Berserker on Sept 11, 2016.
             Was the Champion of Trog.
             Slain by a swamp worm (11 damage)
             ... on level 3 of the Lair of Beasts.
             The game lasted 00:31:18 (12720 turns).

Television the Cleaver (Gargoyle Berserker)        Turns: 12720, Time: 00:31:19

Health: 0/78       AC: 34    Str: 28      XL:     12   Next: 93%
Magic:  4/4        EV:  8    Int:  7 (9)  God:    Trog [******]
Gold:   629        SH:  0    Dex:  9      Spells: 0 memorised, 11 levels left

rFire  + . .     SeeInvis .     K - +8 bardiche (antimagic)
rCold  + . .     Gourm    .     x - +0 plate armour
rNeg   + + .     Faith    +     (shield currently unavailable)
rPois  ∞         Spirit   .     m - +0 helmet
rElec  +         Dismiss  .     E - +1 cloak {rC+}
rCorr  .         Reflect  .     G - +1 pair of gloves {Str+3}
MR     .....     Harm     .     i - +2 pair of boots
Stlth  ..........               I - amulet of faith
                                A - ring of positive energy
                                q - ring of protection from fire

@: exhausted, slowed, very slow
A: negative energy resistance 1, electricity resistance, unbreathing,
petrification resistance, rot immunity, AC +8
a: Berserk, Trog's Hand, Brothers in Arms, Burn Spellbooks, Renounce Religion


You were on level 3 of the Lair of Beasts.
You worshipped Trog.
Trog was exalted by your worship.
You were hungry.

You visited 2 branches of the dungeon, and saw 15 of its levels.
You also visited: Ice Cave.

You collected 629 gold pieces.

Inventory:

Hand Weapons
 a - a +0 hand axe
 d - a +0 morningstar of protection
 K - a +8 antimagic bardiche (weapon)
Missiles
 o - 7 javelins (quivered)
Armour
 i - a +2 pair of boots (worn)
 m - a +0 helmet (worn)
 x - a +0 plate armour (worn)
 E - a +1 cloak of cold resistance (worn)
 G - a +1 pair of gloves of strength (worn)
Jewellery
 f - an uncursed ring of fire
 q - a ring of protection from fire (left hand)
 y - the ring "Yninanirr" {Fire rPois Str+2 Dex+4}
   (You found it on level 10 of the Dungeon)

   [ring of fire]

   It enhances your fire magic.
   It affects your strength (+2).
   It affects your dexterity (+4).
   It protects you from fire.
   It makes you vulnerable to cold.
   It protects you from poison.
 A - a ring of positive energy (right hand)
 I - an amulet of faith (around neck)
Wands
 e - a wand of iceblast (9/15)
 s - a wand of iceblast (7/15)
 t - a wand of digging (6/24)
 M - a wand of slowing (21/48)
Scrolls
 h - 5 scrolls of remove curse
 n - 3 scrolls of recharging {unknown}
 r - a scroll of fog
 u - 2 scrolls of teleportation
 v - 5 scrolls of blinking
 w - a scroll of immolation
 D - a scroll of holy word
 H - 2 scrolls of identify
 J - a scroll of fear
Potions
 g - 3 potions of resistance
 j - 2 potions of agility
 l - a potion of curing
 z - a potion of cancellation
 B - a potion of might {unknown}
 C - a potion of invisibility
Comestibles
 b - 3 royal jellies
 c - 7 bread rations
 k - a meat ration
 F - 13 fruits
 L - a chunk of flesh


   Skills:
 - Level 10.4 Fighting
 - Level 12.0(13.0) Axes
 * Level 9.1(11.7) Polearms
 - Level 11.5 Armour
 - Level 1.5 Dodging


You had 11 spell levels left.
You didn't know any spells.

Dungeon Overview and Level Annotations

Branches:
Dungeon (12/15)            Temple (0/1) D:5            Lair (3/6) D:10
  Swamp (0/4) Lair:3
  Snake: Lair:2-4    Spider: Lair:2-4       Orc: D:9-12

Altars:
Ashenzari
Fedhas
Okawaru
The Shining One

Portals:
Trove: D:10 (give +6 demon whip)
Ice
Cave: D:11

Annotations:
D:12 exclusion: upstairs


Innate Abilities, Weirdness & Mutations

You are resistant to torment.
Your stone body is resilient. (AC +8)
You are immune to poison.
You resist negative energy. (rN+)
You are resistant to electric shocks. (rElec)
You can survive without breathing.
You are immune to petrification.
You are immune to rotting.


Message History

* * * LOW HITPOINT WARNING * * *
There is a staircase to the Swamp here.
You enter the shallow water.
Moving in this stuff is going to be slow.
The swamp worm bites you but does no damage.
The electric eel shoots out a bolt of lightning at you!
The bolt of electricity hits you! You resist.
* * * LOW HITPOINT WARNING * * *
The swamp worm bites you.
* * * LOW HITPOINT WARNING * * *
The electric eel shoots out a bolt of lightning at you!
The bolt of electricity hits you! You resist.
* * * LOW HITPOINT WARNING * * *
The swamp worm bites you.
* * * LOW HITPOINT WARNING * * *
The electric eel shoots out a bolt of lightning at you!
The bolt of electricity hits you! You resist. The swamp worm barely misses you.
Unknown command.
You feel better. The swamp worm bites you!
You die...

### ♣♣♣♣♣♣ ####P##
#####♣♣@;≈≈♣
.##...####..#.♣♣w§§§♣
...............♣≈§§§♣
##.#..........♣♣≈§.≈♣
####.......###♣♣≈.§§♣
#.....#..##♣♣≈..≈♣ ##
#.....##...♣♣≈♣.≈♣
.###....(##...♣♣≈..≈♣
.#.#.....P#...♣♣≈♣.≈♣
#..


You could see a swamp worm and an electric eel.

Vanquished Creatures
  A hydra (Lair:3)
  A cyclops (D:11)
  2 ice statues (IceCv)
  Joseph (D:9)
  9 spiny frogs
  9 ice devils (IceCv)
  3 komodo dragons
  2 trolls (D:10)
  A queen bee (D:8)
  5 blink frogs
  6 yaks (D:9)
  2 humans (D:10)
  A fire bat (D:12)
  A wyvern (D:8)
  2 hippogriffs
  A hungry ghost (D:9)
  4 swamp worms (Lair:3)
  6 water moccasins
  7 porcupines
  10 ice beasts
  3 orc warriors
  3 sky beasts
  4 phantoms
  2 necrophages (D:8)
  5 ogres
  2 centaurs
  4 wolves
  4 crocodiles
  4 big kobolds
  17 giant frogs
  A wyvern skeleton (D:11)
  29 killer bees
  4 scorpions
  A howler monkey (D:5)
  4 electric eels (D:10)
  6 crimson imps
  A giant frog zombie (D:7)
  8 hounds
  A centaur zombie (D:8)
  8 orc wizards
  A gnoll shaman (D:9)
  2 orc priests
  3 jellies
  3 centaur skeletons
  2 giant frog skeletons
  11 iguanas
  Ijyb (D:2)
  5 worker ants
  A killer bee zombie (D:7)
  A hound zombie (D:9)
  2 hound skeletons
  8 gnolls
  5 adders
  36 river rats
  5 shadow imps
  7 white imps (IceCv)
  6 ufetubi (IceCv)
  An adder zombie (D:5)
  2 adder skeletons (D:5)
  4 dart slugs
  2 giant geckos
  15 orcs
  A giant cockroach (D:8)
  3 goblins
  5 hobgoblins
  9 jackals
  21 kobolds
  A quokka (D:10)
  4 bats
  A giant gecko zombie (D:5)
  4 giant newts
  2 goblin skeletons (D:6)
  2 hobgoblin zombies (D:6)
  A jackal zombie (D:7)
  2 kobold skeletons (D:6)
  3 kobold zombies (D:6)
  An orc zombie (D:6)
  3 rats
371 creatures vanquished.

Vanquished Creatures (collateral kills)
  A hydra (Lair:3)
  A torpor snail (Lair:3)
2 creatures vanquished.

Vanquished Creatures (others)
  A reaper (IceCv)
  2 white imps (IceCv)
  5 ufetubi (IceCv)
  A plant (Lair:1)
9 creatures vanquished.

Grand Total: 382 creatures vanquished

Notes
Turn   | Place    | Note
-------+----------+-------------------------------------------
     0 | D:1      | Television the Gargoyle Berserker began the quest for the Orb.
     0 | D:1      | Reached XP level 1. HP: 14/14 MP: 1/1
    32 | D:1      | Reached skill level 3 in Axes
    62 | D:1      | Reached XP level 2. HP: 8/19 MP: 2/2
   537 | D:2      | Noticed Ijyb
   550 | D:2      | Killed Ijyb
   550 | D:2      | Reached XP level 3. HP: 24/24 MP: 3/3
   594 | D:2      | Reached XP level 4. HP: 25/29 MP: 4/4
   742 | D:2      | Reached skill level 4 in Axes
  1124 | D:3      | Reached ** piety under Trog
  1413 | D:3      | Reached XP level 5. HP: 33/33 MP: 5/5
  1517 | D:5      | Entered Level 5 of the Dungeon
  1559 | D:5      | Noticed a water moccasin
  1569 | D:5      | Killed a water moccasin
  1569 | D:5      | Reached skill level 5 in Axes
  1569 | D:5      | Reached XP level 6. HP: 39/39 MP: 6/6
  1572 | D:5      | Reached skill level 5 in Fighting
  1578 | D:5      | Noticed a water moccasin
  1597 | D:5      | Killed a water moccasin
  1724 | D:5      | Reached skill level 6 in Axes
  1724 | D:5      | Reached XP level 7. HP: 42/44 MP: 7/7
  1855 | D:5      | Found a staircase to the Ecumenical Temple.
  2414 | D:6      | Found a glowing golden altar of the Shining One.
  2543 | D:6      | Reached skill level 7 in Axes
  2548 | D:6      | Reached XP level 8. HP: 25/51 MP: 8/8
  2720 | D:6      | Reached *** piety under Trog
  2829 | D:6      | Reached skill level 8 in Axes
  3520 | D:7      | Reached XP level 9. HP: 51/57 MP: 9/9
  3840 | D:7      | Reached skill level 9 in Axes
  4284 | D:8      | Noticed a queen bee
  4317 | D:8      | Killed a queen bee
  4317 | D:8      | Reached skill level 5 in Armour
  4320 | D:8      | HP: 3/88 [killer bee (10)]
  4802 | D:8      | Reached **** piety under Trog
  5054 | D:8      | Reached skill level 10 in Axes
  5054 | D:8      | Reached XP level 10. HP: 32/65 MP: 10/10
  5148 | D:8      | Found a shattered altar of Ashenzari.
  5459 | D:8      | Found a blossoming altar of Fedhas.
  5718 | D:9      | Noticed Joseph
  5732 | D:9      | Killed Joseph
  6736 | D:9      | Reached ***** piety under Trog
  6746 | D:9      | Reached skill level 11 in Axes
  6912 | D:9      | Reached XP level 11. HP: 71/71 MP: 11/11
  7162 | D:10     | Entered Level 10 of the Dungeon
  7421 | D:10     | Got a coiled golden ring
  7422 | D:10     | Identified the ring "Yninanirr" {Fire rPois Str+2 Dex+4} (You found it on level 10 of the Dungeon)
  7544 | D:10     | Found a staircase to the Lair.
  7672 | D:10     | Found an iron altar of Okawaru.
  7731 | D:10     | Found a portal to a secret trove of treasure.
  8220 | D:11     | Found a frozen archway.
  8221 | D:11     | Noticed a cyclops
  8244 | D:11     | Killed a cyclops
  8244 | D:11     | Reached skill level 10 in Fighting
  8244 | D:11     | Reached skill level 10 in Armour
  8398 | D:11     | Noticed a fire giant
  8634 | Lair:1   | Entered Level 1 of the Lair of Beasts
  9043 | Lair:1   | Received a gift from Trog
  9044 | Lair:1   | Reached skill level 12 in Axes
  9089 | Lair:1   | Reached skill level 1 in Polearms
  9848 | Lair:1   | Reached XP level 12. HP: 78/78 MP: 4/12
 10888 | Lair:3   | Noticed a six-headed hydra
 10905 | Lair:3   | Killed a six-headed hydra
 10905 | Lair:3   | Reached skill level 5 in Polearms
 10996 | Lair:3   | Found a runed door.
 11198 | Lair:3   | Found a frozen archway.
 11278 | IceCv    | Entered an ice cave
 11744 | IceCv    | Killed a reaper
 12069 | IceCv    | Reached ****** piety under Trog
 12333 | Lair:3   | Noticed an eight-headed hydra
 12342 | Lair:3   | Killed a ten-headed hydra
 12701 | Lair:3   | Found a staircase to the Swamp.
 12720 | Lair:3   | Slain by a swamp worm

Vault maps used:
D:1:      dpeg_arrival_morbid_curiosity
D:2:      first_bread, uniq_iyjb
D:4:      cheibriados_altar_1, trog_butcher_becter
D:5:      gammafunk_temple_overflow_pools, uniq_crazy_yiuf_cottage
D:6:      nicolae_tso_besieged_by_evil
D:7:      hex_medium
D:8:      fedhas_altar_1, ashenzari_conservatory_becter, david_nohive_1
D:9:      grunt_ministairs_9, uniq_joseph
D:10:     erik_lair_island, enter_trove_3, okawaru_humans
D:11:     minmay_firetagon, kennysheep_orc_monster_closet_entryway,
          portal_ice_cave_entry_pillars_1, serial_bayou_pond_e
D:12:     uniq_kirke, uniq_gastronok
Lair:1:   beast_lair_carwin_6
Lair:2:   bh_chokoban, lemuel_fruit_tree, infiniplex_staircase_pool
Lair:3:   nicolae_swamp_entry_splash_gauntlet, portal_ice_cave_entry_ice_beasts,
          pf_torpor_hydra
IceCv:    ice_cave_small_demon

Skill      XL: |  1  2  3  4  5  6  7  8  9 10 11 12 |
---------------+-------------------------------------+-----
Axes           | 3 4 5 6 7 8 10 11 12 | 12.0
Fighting       | 4 5 6 7 8 9 10 | 10.4
Armour         | 3 6 9 11 | 11.5
Polearms       | 2 9 |  9.1
Dodging        | |  1.5

Action                   |  1- 3 |  4- 6 |  7- 9 | 10-12 || total
-------------------------+-------+-------+-------+-------++-------
Melee: Hand axe          |    62 |   167 |   640 |   197 ||  1066
       Morningstar       |       |       |       |   553 ||   553
       Bardiche          |       |       |       |   334 ||   334
Invok: Berserk           |     1 |     2 |     9 |    19 ||    31
       Trog's Hand       |       |     1 |     2 |     1 ||     4
       Burn Spellbooks   |       |       |       |     1 ||     1
       Brothers in Arms  |       |       |       |     1 ||     1
Evoke: Wand              |       |       |       |     2 ||     2
  Use: Scroll            |       |       |     3 |    19 ||    22
       Potion            |       |       |     3 |     2 ||     5
 Stab: Distracted        |       |       |       |     1 ||     1
  Eat: Chunk             |       |     5 |     8 |    41 ||    54
       Pizza             |       |       |     3 |     1 ||     4
       Bread ration      |       |       |     2 |       ||     2
       Royal jelly       |       |       |     1 |     4 ||     5
       Beef jerky        |       |       |     1 |     1 ||     2
       Fruit             |       |       |       |     4 ||     4
Armor: Animal skin       |    10 |       |       |       ||    10
       Ring mail         |    17 |   116 |   140 |       ||   273
       Scale mail        |       |       |   243 |    72 ||   315
       Plate armour      |       |       |       |  1141 ||  1141
Dodge: Dodged            |    42 |   130 |   328 |   641 ||  1141
